 Dungeon Sprint DCSS version 0.22-a0-430-g6609fc6 (webtiles) character file.

18 raistware the Covert (level 2, 0/14 HPs)
             Began as a Spriggan Assassin on May 26, 2018.
             Slain by a frilled lizard (2 damage)
             ... in the Dungeon (Sprint IX: "|||||||||||||||||||||||||||||").
             The game lasted 00:00:17 (38 turns).

raistware the Covert (Spriggan Assassin)              Turns: 38, Time: 00:00:18

Health: 0/14       AC:  3    Str:  7    XL:     2   Next: 48%
Magic:  3/3        EV: 17    Int: 12    God:
Gold:   0          SH:  0    Dex: 17    Spells: 1/1 levels left

rFire    . . .     SeeInvis +   a - +2 dagger
rCold    . . .     Gourm    .   (shield restricted)
rNeg     . . .     Faith    .   c - +0 robe
rPois    .         Spirit   .   (helmet restricted)
rElec    .         Reflect  .   d - +0 cloak
rCorr    .         Harm     .   (gloves unavailable)
MR       .....     NoTele   +   (boots unavailable)
Stlth    +++++.....             (no amulet)
HPRegen  0.04/turn              (no ring)
MPRegen  0.08/turn              (no ring)

@: very quick
A: very small, unfitting armour, see invisible, herbivore, speed 3, slow
metabolism 2
a: no special abilities


You were in the Dungeon.
You were not hungry.

You visited 1 branch

Inventory:

Hand Weapons
 a - a +2 dagger (weapon)
 b - a +0 blowgun
Missiles
 e - 8 poisoned needles
 f - 2 curare-tipped needles
Armour
 c - a +0 robe (worn)
 d - a +0 cloak (worn)
Scrolls
 m - a scroll of blinking
Potions
 h - a potion of curing
 i - a potion of heal wounds
 j - a potion of haste
 k - 2 potions of magic
 l - a potion of berserk rage
Comestibles
 g - a ration


   Skills:
 - Level 1.5 Fighting
 - Level 2.1 Short Blades
 - Level 2.0 Throwing
 - Level 1.5 Dodging
 + Level 9.9 Stealth


You had one spell level left.
You didn't know any spells.
Your spell library was empty.

Dungeon Overview and Level Annotations

Branches:
Dungeon (1/1)

Altars:


Innate Abilities, Weirdness & Mutations

You are very small and have problems with some larger weapons.
You are too small for most types of armour.
You have supernaturally acute eyesight. (SInv)
You are a herbivore.
You cover ground extremely quickly.
You need to consume almost no food.


Message History

The worm is almost dead.
The crimson imp hits you.
You barely miss the worm.
The worm is almost dead.
The crimson imp hits you. The worm bites you.
You hit the worm.
You kill the worm!
The crimson imp misses you.
You closely miss the frilled lizard. The frilled lizard bites you.
* * * LOW HITPOINT WARNING * * *
The crimson imp hits you.
* * * LOW HITPOINT WARNING * * *
You miss the frilled lizard. The frilled lizard misses you.
The crimson imp completely misses you.
You hit the crimson imp but do no damage.
The frilled lizard closely misses you. The crimson imp closely misses you.
You hit the crimson imp.
The crimson imp is moderately wounded.
The frilled lizard bites you.
You die...

▓+▓
▓.▓
▓.▓
▓o▓
▓l▓
▓@▓
▓5▓
▓†▓
▓.▓
▓†▓
▓.▓
▓.▓
▓'▓
▓.▓


You could see a crimson imp, an orc and a frilled lizard.

Vanquished Creatures
  An adder (D)
  A worm (D)
  2 giant cockroaches (D)
  A hobgoblin (D)
  2 bats (D)
7 creatures vanquished.

Notes
Turn   | Place    | Note
-------+----------+-------------------------------------------
     0 | D        | raistware the Spriggan Assassin began the quest for the Orb.
     0 | D        | Reached XP level 1. HP: 10/10 MP: 2/2
     5 | D        | Reached skill level 6 in Stealth
     7 | D        | Reached skill level 7 in Stealth
    15 | D        | Reached skill level 8 in Stealth
    17 | D        | Noticed a crimson imp
    19 | D        | Reached skill level 9 in Stealth
    19 | D        | Reached XP level 2. HP: 14/14 MP: 3/3
    38 | D        | Slain by a frilled lizard

Vault maps used:
D:        linesprint

Skill      XL: |  1 |
---------------+----+-----
Stealth        | 9 |  9.9
Fighting       | |  1.5
Short Blades   | |  2.1
Throwing       | |  2.0
Dodging        | |  1.5

Action                   || total
-------------------------++-------
Melee: Dagger            ||    26
 Stab: Sleeping          ||     5
Armor: Robe              ||     2
Dodge: Dodged            ||    15

Table legend:
 A = Spawn XP
 B = Non-spawn XP
 C = Spawn XP percentage of total XP
 D = Spawn monster count
 E = Non-spawn monster count
 F = Spawn count percentage of total count
 G = Total turns spent on level
                    A         B        C        D         E        F      G
               +---------+---------+-------+---------+---------+-------+---------
         Total |       0 |      26 |   0.0 |       0 |       7 |   0.0 |    38
               +---------+---------+-------+---------+---------+-------+---------
             D |       0 |      26 |   0.0 |       0 |       7 |   0.0 |    38
               +---------+---------+-------+---------+---------+-------+---------
